Unix NetHack Version 5.0.0-0 post-release - last build Jun 10 2026 00:39:30 (3ee93aec679c4c4259841fe613dc97188e26a321,branch:main).

Game began 2026-06-17 07:13:00, ended 2026-06-17 07:21:57.

LDaviesPeters, neutral female human Archeologist

  ------
  |....|
  |.....#                    ------------
  |....|#     --------       |.....s....|
  |....|##    |.......#      |..........
  --|--- #    |......|#      |.......>
    #    #    |......|#      |......
    #    #    |......|#      |d@..
    #    #    |......|#       -@-
    #    #    ---.----#        d
    #    #     ###    ##       #
    #    ##    #       #       #
    #     %    #       #       #
    #     #    #       #       #
 ---.-    #    #       #####---|-
 |.^(|    #  --.---        #|...|
 |...|    ###-....|        #|...|
 |.{.|       |<...|        #....|
 -----       ------         -----

LDaviesPeters the Digger   St:12 Dx:10 Co:13 In:18 Wi:14 Ch:8  Neutral
Dlvl:4  $:0  HP:0(22) Pw:9(9) AC:9  Xp:2 T:1196 

Latest messages:
 d        a dog or other canine (peaceful little dog)
 You see here a large box.
 You see here 7 gold pieces.
 $ - 7 gold pieces.
 You see here a large box.
 You find a squeaky board.
 s - a tripe ration.
 You see here a giant bat corpse.
 You see here 13 gold pieces.
 $ - 13 gold pieces (20 in total).
 What do you want to use or apply? [abfgp or ?*] b
 You put 20 gold pieces into the sack.
 You hear a jackal howling at the moon.
 You hear a door open.
 The door opens.
 This door is locked.
 This door is locked.
 In what direction? 8
 Whammm!!
 In what direction? 8
 As you kick the door, it crashes open!
 Pick a monster, object or location.
 @        a human or elf (werejackal)
 What do you want to throw? [*] <space>
 Never mind.
 What do you want to use or apply? [abfgp or ?*] g
 What do you want to rub on the stone? [o or ?*] o
 o - a worthless piece of yellowish brown glass.
 What do you want to drop? [a-df-hjkops or ?*] o
 You drop a worthless piece of yellowish brown glass.
 You lash the werejackal.
 The werejackal hits!
 You miss the werejackal.
 The werejackal hits!
 You lash the werejackal.
 The werejackal summons help!
 A fox suddenly appears next to you!
 A jackal suddenly appears next to you!
 The werejackal hits!
 You miss the werejackal.
 The jackal bites!
 The fox bites!
 The werejackal hits!
 The fox bites!
 You lash the werejackal.
 The jackal bites!
 The fox bites!
 The werejackal hits!
 You die...
 Do you want your possessions identified? [ynq] (y) q

Inventory:
 Weapons  (')')
  a - a blessed +2 bullwhip (weapon in right hand)
 Armor    ('[')
  c - an uncursed +0 fedora (being worn)
  h - an uncursed +0 leather jacket (being worn)
 Comestibles  ('%')
  d - 2 uncursed food rations
  s - an uncursed tripe ration
 Rings    ('=')
  k - an uncursed ring of protection from shape changers
  j - an uncursed ring of teleport control (on left hand)
 Tools    ('(')
  b - an uncursed sack containing 5 items
  p - a +0 pick-axe (alternate weapon; not wielded)
  f - a tinning kit (0:97)
 Gems/Stones  ('*')
  g - an uncursed touchstone

Contents of the sack:
  43 gold pieces
  an uncursed scroll of destroy armor
  an uncursed scroll of identify
  an uncursed potion of hallucination
  2 blessed potions of healing

LDaviesPeters the Archeologist's attributes:

Background:
 You were a Digger, a level 2 female human Archeologist.
 You were neutral, nominally on a mission for Camaxtli
 who was opposed by Quetzalcoatl (lawful) and Huhetotl (chaotic).
 You were right-handed.
 You were in the Dungeons of Doom, on level 4.
 You entered the dungeon 1196 turns ago.
 There was a new moon in effect when your adventure ended.
 You had 31 experience points, 9 more were needed to attain level 3.

Basics:
 You had 0 out of 22 hit points.
 You had all 9 energy points (spell power).
 Your armor class was 9.
 Your wallet was empty, but
 you had 43 zorkmids stashed away in your pack.
 Autopickup was off.

Final Characteristics:
 Your strength was 12 (limit:18/100).
 Your dexterity was 10 (limit:18).
 Your constitution was 13 (limit:18).
 Your intelligence was 18 (limit:18).
 Your wisdom was 14 (limit:18).
 Your charisma was 8 (limit:18).

Final Status:
 You weren't hungry.
 You were unencumbered.
 You were wielding a whip.
 You had basic skill with whip.

Final Attributes:
 You were fervently aligned.
 You had automatic searching.
 You had teleport control.
 You were lucky.
 You are dead.

Miscellaneous:
 You didn't encounter any bones levels.
 Total elapsed playing time was 8 minutes and 56 seconds.

Major events:
 Turn
    1: LDaviesPeters the neutral female human Archeologist entered the dungeon
  901: entered the Gnomish Mines
 1196: killed by a werejackal

You didn't know any spells.

Skills:
 Fighting Skills
   bare handed combat [Unskilled]
   two weapon combat  [Unskilled]
   riding             [Unskilled]
 Weapon Skills
   dagger             [Unskilled]
   knife              [Unskilled]
   pick-axe           [Basic]
   short sword        [Unskilled]
   saber              [Unskilled]
   club               [Unskilled]
   quarterstaff       [Unskilled]
   sling              [Unskilled]
   dart               [Unskilled]
   boomerang          [Unskilled]
   whip               [Basic]
   unicorn horn       [Unskilled]
 Spellcasting Skills
   attack spells      [Unskilled]
   healing spells     [Unskilled]
   divination spells  [Unskilled]
   matter spells      [Unskilled]

Voluntary challenges:
 Character rerolling was not enabled.
 You were an atheist.
 You never genocided any monsters.
 You never polymorphed an object.
 You never changed form.
 You used no wishes.
Achievement:
 You entered the Gnomish Mines.

 The Dungeons of Doom: levels 1 to 4
    Level 1:
    Level 2:
       A grave.
    Level 3:
       Many trees.
       Stairs down to The Gnomish Mines.
    Level 4: <- You were here.
       A fountain.
       Final resting place for
          you, killed by a werejackal.
 The Gnomish Mines:
    Level 4:


Vanquished creatures:
  a giant bat
  2 jackals
  a fox
  a kobold
  a grid bug
  a lichen
  4 newts
11 creatures vanquished.

No species were genocided or became extinct.

Game over:
                       ----------
                      /          \
                     /    REST    \
                    /      IN      \
                   /     PEACE      \
                  /                  \
                  |  LDaviesPeters   |
                  |      43 Au       |
                  |   killed by a    |
                  |    werejackal    |
                  |                  |
                  |                  |
                  |       2026       |
                 *|     *  *  *      | *
        _________)/\\_//(\/(/\)/\//\/|_)_______

Goodbye LDaviesPeters the Archeologist...

You died in The Dungeons of Doom on dungeon level 4 with 313 points,
and 43 pieces of gold, after 1196 moves.
You were level 2 with a maximum of 22 hit points when you died.

